cohdb
Replays
Latest Replays
All Replays
Popular Replays
Top Player Replays
Match Explorer
How It Works
Community
CoH3 Stats
Reddit
Sign in to upload your games and track your stats! →
Sign in with Steam
Match 40983312
Unlisted
Match 40983312
Overview
Messages
Build Orders
End
Panzergrenadier Squad
Panzergrenadier Squad
Kradschützen Motorcycle Team
Construct Light Support Kompanie
Fire Support Elements
Panzergrenadier Squad
2.5-tonne Medical Truck
Flakvierling Half-track
Tungsten Core Ammunition
Veteran Squad Leaders
le.IG 18 Mechanized Group
Selects Panzerjäger Kommand Battlegroup
Selects Mine Fields
Selects Defensive Positions
Selects Butterfly Bomb Drop
Butterfly Bomb Drop
2.5-tonne Medical Truck
Construct Panzerarmee Kommand
Selects Tank Busters
Pak 38 Anti-tank Gun Team
RommelF
Septimus
Africanoblanco
OddBall_ESP
^3
DIV 250 BigBoss
0
0
Comments
sign in to comment!
No comments posted yet!